 Dungeon Crawl Stone Soup version 0.19.4 (webtiles) character file.

15662 Kiturien the Blocker (level 12, -5/103 HPs)
             Began as a Hill Orc Fighter on Feb 1, 2017.
             Was a Priest of Qazlal.
             Killed from afar by an orc sorcerer (24 damage)
             ... with a bolt of fire
             ... on level 2 of the Orcish Mines.
             The game lasted 01:02:16 (12526 turns).

Kiturien the Blocker (Hill Orc Fighter)            Turns: 12526, Time: 01:02:17

Health: -5/103     AC: 25    Str: 29    XL:     12   Next: 29%
Magic:  17/17      EV:  3    Int:  8    God:    Qazlal [***...]
Gold:   1741       SH: 28    Dex: 10    Spells: 1 memorised, 8 levels left

rFire  . . .     SeeInvis +     a - +1 war axe
rCold  . . .     Gourm    .     M - +0 crystal plate armour
rNeg   . . .     Faith    .     E - +0 large shield
rPois  +         Spirit   .     r - +1 helmet
rElec  .         Reflect  .     h - +1 cloak {rPois}
rCorr  .         Harm     .     I - +1 pair of gloves
MR     .....                    D - +0 pair of boots
Stlth  ..........               K - amulet of regeneration
                                t - ring of see invisible
                                l - +5 ring of strength

@: drained
A: large bone plates 1, poison resistance
a: Upheaval, Elemental Force, Renounce Religion


You were on level 2 of the Orcish Mines.
You worshipped Qazlal.
Qazlal was most pleased with you.
You were not hungry.

You visited 3 branches of the dungeon, and saw 13 of its levels.

You collected 1992 gold pieces.
You spent 251 gold pieces at shops.

Inventory:

Hand Weapons
 a - a +1 war axe (weapon)
 b - the +1 trident of Obsession {venom, rElec}
   (You found it on level 5 of the Dungeon)

   It poisons the flesh of those it strikes.
   It insulates you from electricity.
 i - a +1 war axe of distortion
 n - a +4 quick blade
 Q - a +4 scimitar of flaming
Armour
 c - a +0 shield
 h - a +1 cloak of poison resistance (worn)
 m - a +3 plate armour of fire resistance
 r - a +1 helmet (worn)
 D - a +0 pair of boots (worn)
 E - a +0 large shield (worn)
 I - a +1 pair of gloves (worn)
 M - a +0 crystal plate armour (worn)
Jewellery
 l - a +5 ring of strength (left hand)
 o - a +2 ring of evasion
 t - a ring of see invisible (right hand)
 z - an uncursed ring of protection from fire
 H - an uncursed ring of protection from cold
 K - an amulet of regeneration (around neck)
Wands
 A - a wand of flame (48/48)
 G - a wand of polymorph (5/24)
 P - a wand of flame (28/48)
Scrolls
 g - a scroll of enchant weapon
 q - 3 scrolls of remove curse
 s - 4 scrolls of magic mapping
 u - a scroll of blinking
 w - a scroll of amnesia
 y - a scroll of recharging
 N - 2 scrolls of fog
Potions
 d - 2 potions of might
 f - a potion of magic
 k - 2 potions of agility
 p - a potion of berserk rage
 v - 3 potions of cancellation
 x - a potion of brilliance
Books
 B - a book of Flames

   Spells                             Type                      Level
   a - Flame Tongue                   Conjuration/Fire             1
   b - Throw Flame                    Conjuration/Fire             2
   c - Conjure Flame                  Conjuration/Fire             3
   d - Inner Flame                    Hexes/Fire                   3
   e - Sticky Flame                   Conjuration/Fire             4
   f - Fireball                       Conjuration/Fire             5
Miscellaneous
 J - a sack of spiders
Comestibles
 j - 8 meat rations
 L - 6 royal jellies


   Skills:
 + Level 8.6(7.4) Fighting
 + Level 13.1(11.9) Axes
 + Level 6.5(5.4) Armour
 + Level 2.6(1.6) Dodging
 - Level 0.3(0.0) Stealth
 + Level 14.2(12.9) Shields
 - Level 7.0(5.9) Invocations


You had 8 spell levels left.
You knew the following spells:

 Your Spells              Type           Power        Failure   Level  Hunger
a - Conjure Flame         Conj/Fire      #.......     100%        3    ####...


Dungeon Overview and Level Annotations

Branches:
Dungeon (10/15)            Temple (1/1) D:6            Lair (0/6) D:10
    Orc (2/2) D:10            Elf (0/3) Orc:2

Altars:
Ashenzari
Cheibriados
Dithmenos
Elyvilon
Fedhas
Gozag
Hepliaklqana
Kikubaaqudgha
Makhleb
Nemelex Xobeh
Okawaru
Qazlal
Ru
Sif Muna
Trog
Uskayaw
Vehumet
Xom
Yredelemnul
Zin
The Shining One

Shops:
D:6 *   Orc:2 ??


Innate Abilities, Weirdness & Mutations

You are partially covered in large bone plates. (SH +4)
Your system is resistant to poisons. (rPois)


Message History

You hear a shout!
You block the orc sorcerer's attack.
You slash the orc sorcerer!
The orc sorcerer is heavily wounded.
You hear a shout!
The orc sorcerer hits you but does no damage.
Your shield and crystal plate armour prevent you from hitting the orc sorcerer.
The orc sorcerer is heavily wounded.
You block the orc sorcerer's attack.
You hit the orc sorcerer but do no damage.
The orc sorcerer is heavily wounded.
The orc sorcerer hits you but does no damage.
You hit the orc sorcerer but do no damage.
The orc sorcerer is heavily wounded.
You block the orc sorcerer's attack.
You barely miss the orc sorcerer.
The orc sorcerer is heavily wounded.
The orc sorcerer casts a spell at you. The bolt of fire hits you!
You die...

##.........###)...
##.....#.#.......
##........)..... ##.....#...###.
###...#.#...##. .#
#.###.....#.#... ..#
##...###.....#.... .#.#
##o#.###.....###... #...#
##§@.###.......#.... ##...##
##.§.###)))....###... ###...##
##...###.)##....###... .###...##
##...###..###...###....
(.###)..###...###..###.##.####...
#[)##....#....##..####.#....#.#..
##.)#)#.....#.#..###.............
##))(...[......###....#.........
####.).#)#.#..)## ##....#.###....


You could see an orc sorcerer.

Vanquished Creatures
  An orc warlord (Orc:2)
  Erica (Orc:1)
  An unseen horror (D:7)
  2 hill giants (D:10)
  2 orc knights (Orc:2)
  2 orc sorcerers (Orc:2)
  The ghost of cba the Covert, a novice OpAs of Dithmenos (D:7)
  Maurice (Orc:2)
  Joseph (D:7)
  2 ice devils (Orc:2)
  A queen bee (D:10)
  2 trolls
  A two-headed ogre (D:7)
  2 hippogriffs (D:10)
  A wyvern (D:10)
  5 yaks (D:10)
  A neqoxec (Orc:2)
  A hungry ghost (D:8)
  2 wargs
  2 sky beasts (D:10)
  24 orc warriors
  A necrophage (D:8)
  A phantom (D:4)
  4 ice beasts
  2 centaurs
  5 ogres
  A big kobold (D:5)
  A wyvern zombie (D:8)
  3 bullfrogs
  20 killer bees (D:10)
  7 crimson imps
  2 bullfrog zombies
  6 hounds
  10 orc priests
  A jelly (D:6)
  An iguana (D:6)
  2 bullfrog skeletons
  12 orc wizards
  Terence (D:2)
  Natasha (thrice) (D:4)
  8 worker ants
  A howler monkey zombie (D:5)
  A worker ant zombie (D:9)
  3 gnolls (D:6)
  4 adders
  2 river rats (D:10)
  A shadow imp (D:5)
  An ooze (D:1)
  2 adder skeletons
  An adder zombie (D:9)
  6 dart slugs
  4 leopard geckos
  57 orcs
  A ball python (D:2)
  10 giant cockroaches
  10 goblins
  8 hobgoblins
  13 jackals
  3 quokkas
  A ball python skeleton (D:4)
  20 bats
  7 frilled lizards
  31 kobolds
  A leopard gecko zombie (D:6)
  A quokka skeleton (D:5)
  11 rats
  13 fungi (D:10)
  24 plants
384 creatures vanquished.

Vanquished Creatures (others)
  A fungus (D:10)
1 creature vanquished.

Grand Total: 385 creatures vanquished

Notes
Turn   | Place    | Note
-------+----------+-------------------------------------------
     0 | D:1      | Kiturien the Hill Orc Fighter began the quest for the Orb.
     0 | D:1      | Reached XP level 1. HP: 19/19 MP: 1/1
    66 | D:1      | Reached XP level 2. HP: 7/27 MP: 2/2
   405 | D:1      | Reached XP level 3. HP: 33/33 MP: 3/3
   798 | D:2      | Found a faded altar of an unknown god.
  1204 | D:2      | Noticed Terence
  1212 | D:2      | Killed Terence
  1212 | D:2      | Reached XP level 4. HP: 35/41 MP: 4/4
  1922 | D:3      | Reached XP level 5. HP: 47/47 MP: 5/5
  2923 | D:4      | Reached skill level 5 in Axes
  2978 | D:4      | Reached skill level 4 in Shields
  3003 | D:4      | Noticed Natasha
  3016 | D:4      | Killed Natasha
  3016 | D:4      | Reached skill level 1 in Dodging
  3100 | D:4      | Reached XP level 6. HP: 53/53 MP: 6/6
  3435 | D:4      | Noticed Natasha
  3446 | D:4      | Killed Natasha
  3448 | D:4      | Noticed a phantom
  3459 | D:4      | Killed a phantom
  3459 | D:4      | Reached skill level 5 in Shields
  3756 | D:4      | Noticed Natasha
  3769 | D:4      | Killed Natasha
  4095 | D:5      | Entered Level 5 of the Dungeon
  4147 | D:5      | Reached XP level 7. HP: 60/60 MP: 7/7
  4169 | D:5      | Reached skill level 6 in Shields
  4336 | D:5      | Got a transparent trident
  4356 | D:5      | Reached skill level 7 in Shields
  4361 | D:5      | Identified the +1 trident of Obsession {venom, rElec} (You found it on level 5 of the Dungeon)
  4823 | D:5      | Reached skill level 8 in Shields
  4823 | D:5      | Reached XP level 8. HP: 64/67 MP: 8/8
  5596 | D:6      | Identified 3 scrolls of acquirement
  5640 | D:6      | Found a staircase to the Ecumenical Temple.
  5673 | Temple   | Entered the Ecumenical Temple
  5790 | Temple   | Became a worshipper of Qazlal Stormbringer
  6042 | D:6      | Reached skill level 9 in Shields
  6422 | D:6      | You fall through a shaft for 3 floors!
  6541 | D:9      | Paralysed by fainting for 6 turns
  6730 | D:6      | Found Ytemp's Assorted Antiques.
  6733 | D:6      | Bought a pair of gloves for 121 gold pieces
  6963 | D:6      | Reached skill level 10 in Shields
  7021 | D:7      | Noticed a two-headed ogre
  7029 | D:7      | Killed a two-headed ogre
  7029 | D:7      | Reached skill level 1 in Invocations
  7107 | D:7      | Noticed an unseen horror
  7110 | D:7      | Reached XP level 9. HP: 73/73 MP: 10/10
  7128 | D:7      | Killed an unseen horror
  7128 | D:7      | Reached skill level 5 in Fighting
  7192 | D:7      | Noticed cba's ghost (novice OpAs)
  7238 | D:7      | Killed cba's ghost
  7238 | D:7      | Reached skill level 11 in Shields
  7559 | D:7      | Gained mutation: You are resistant to hostile enchantments. (MR+) [potion of mutation]
  7559 | D:7      | Gained mutation: Your body sometimes deteriorates upon taking damage. [potion of mutation]
  7559 | D:7      | Gained mutation: You are highly resistant to hostile enchantments. (MR++) [potion of mutation]
  7575 | D:7      | Noticed Joseph
  7597 | D:7      | Killed Joseph
  7597 | D:7      | Reached skill level 5 in Armour
  7855 | D:7      | Reached * piety under Qazlal
  8331 | D:8      | Reached XP level 10. HP: 68/83 MP: 13/13
  8941 | D:8      | Learned a level 3 spell: Conjure Flame
  9820 | D:10     | Entered Level 10 of the Dungeon
  9859 | D:10     | Gained mutation: Your system is resistant to poisons. (rPois) [mutagenic meat]
  9927 | D:10     | Noticed a hill giant
  9943 | D:10     | Killed a hill giant
  9943 | D:10     | Reached skill level 5 in Invocations
 10090 | D:10     | Found a staircase to the Lair.
 10220 | D:10     | Reached skill level 12 in Shields
 10275 | D:10     | Reached skill level 10 in Axes
 10324 | D:10     | Noticed a hill giant
 10332 | D:10     | Reached ** piety under Qazlal
 10351 | D:10     | Killed a hill giant
 10365 | D:10     | Gained mutation: You are agile. (Dex +2) [mutagenic meat]
 10366 | D:10     | Gained mutation: You are very agile. (Dex +4) [mutagenic meat]
 10367 | D:10     | Lost mutation: You are very agile. (Dex +4) [mutagenic meat]
 10368 | D:10     | Lost mutation: You are highly resistant to hostile enchantments. (MR++) [mutagenic meat]
 10369 | D:10     | Gained mutation: You are partially covered in large bone plates. (SH +4) [mutagenic meat]
 10370 | D:10     | Gained mutation: You are dopey. (Int -2) [mutagenic meat]
 10370 | D:10     | Lost mutation: Your body sometimes deteriorates upon taking damage. [potion of cure mutation]
 10370 | D:10     | Lost mutation: You are dopey. (Int -2) [potion of cure mutation]
 10370 | D:10     | Lost mutation: You are agile. (Dex +2) [potion of cure mutation]
 10370 | D:10     | Lost mutation: You are resistant to hostile enchantments. (MR+) [potion of cure mutation]
 10447 | D:10     | Reached XP level 11. HP: 92/92 MP: 15/15
 10501 | D:10     | Found a staircase to the Orcish Mines.
 10971 | Orc:1    | Entered Level 1 of the Orcish Mines
 10987 | Orc:1    | Noticed Erica
 11009 | Orc:1    | Killed Erica
 11271 | Orc:2    | Entered Level 2 of the Orcish Mines
 11276 | Orc:2    | Noticed an orc sorcerer
 11276 | Orc:2    | Found a staircase to the Elven Halls.
 11282 | Orc:2    | Killed an orc sorcerer
 11282 | Orc:2    | Reached skill level 13 in Shields
 11367 | Orc:2    | Reached *** piety under Qazlal
 11583 | Orc:2    | Found a bloodstained altar of Trog.
 11593 | Orc:2    | Noticed an orc knight
 11600 | Orc:2    | Noticed an orc sorcerer
 11602 | Orc:2    | Noticed a sixfirhy
 11602 | Orc:2    | Noticed an orc warlord
 11641 | Orc:2    | Killed an orc sorcerer
 11646 | Orc:2    | Killed an orc knight
 11794 | Orc:2    | Killed an orc warlord
 11794 | Orc:2    | Reached XP level 12. HP: 45/102 MP: 11/17
 11970 | Orc:2    | Found Hyusopt's Magic Scroll Emporium.
 11979 | Orc:2    | Found Noujul's Magic Scroll Shoppe.
 12014 | Orc:2    | Reached skill level 14 in Shields
 12055 | Orc:2    | Bought a scroll of identify for 20 gold pieces
 12058 | Orc:2    | Bought a scroll of identify for 22 gold pieces
 12058 | Orc:2    | Bought a scroll of identify for 22 gold pieces
 12058 | Orc:2    | Bought a scroll of identify for 22 gold pieces
 12058 | Orc:2    | Bought a scroll of identify for 22 gold pieces
 12058 | Orc:2    | Bought a scroll of identify for 22 gold pieces
 12141 | Orc:2    | Noticed Maurice
 12164 | Orc:2    | Killed Maurice
 12526 | Orc:2    | Killed from afar by an orc sorcerer

Skill      XL: |  1  2  3  4  5  6  7  8  9 10 11 12 |
---------------+-------------------------------------+-----
Fighting       | 4 6 7 8 |  8.6
Axes           | 4 5 7 10 12 13 | 13.1
Armour         | 4 5 6 |  6.5
Shields        | 4 5 8 10 11 12 13 14 | 14.2
Dodging        | 1 2 |  2.6
Invocations    | 2 4 6 7 |  7.0
Stealth        | |  0.3

Action                   |  1- 3 |  4- 6 |  7- 9 | 10-12 || total
-------------------------+-------+-------+-------+-------++-------
Melee: War axe           |   131 |   209 |   494 |   725 ||  1559
       Trident           |       |       |    30 |       ||    30
Invok: Upheaval          |       |       |       |     4 ||     4
  Use: Scroll            |       |       |    20 |     9 ||    29
       Potion            |       |       |     1 |     5 ||     6
  Eat: Royal jelly       |       |     1 |       |     1 ||     2
       Bread ration      |       |     2 |     3 |     1 ||     6
       Beef jerky        |       |     1 |       |     1 ||     2
       Meat ration       |       |       |     2 |     1 ||     3
       Chunk             |       |       |       |     7 ||     7
       Pizza             |       |       |       |     1 ||     1
Armor: Chain mail        |    97 |   116 |   103 |       ||   316
       Plate armour      |       |       |    40 |    12 ||    52
       Crystal plate arm |       |       |       |   265 ||   265
Dodge: Dodged            |    33 |    82 |    67 |    34 ||   216
Block: Shield            |    91 |   128 |   147 |       ||   366
       Large shield      |       |       |    90 |   888 ||   978
